 Dungeon Crawl Stone Soup version 0.31.0-10-gcf4a605ca0 (webtiles) character file.

Game seed: 7284610176150854943

5758 Arex the Mimic (level 10, 0/132 HPs)
             Began as a Black Draconian Shapeshifter on Jan 26, 2024.
             Was an Initiate of Gozag.
             Slain by a killer bee (2 damage)
             ... on level 8 of the Dungeon.
             The game lasted 00:18:56 (8952 turns).

Arex the Mimic (Black Draconian Shapeshifter)       Turns: 8952, Time: 00:18:57

Health: 0/132      AC: 25    Str: 21    XL:     10   Next: 49%
Magic:  10/10      EV:  2    Int: 11    God:    Gozag
Gold:   280        SH:  5    Dex: 10    Spells: 9/9 levels left

rFire   + .          .
                       - Unarmed
rCold   + . .        (no shield)
rNeg    . . .        (body armour unavailable)
rPois   +            (helmet currently unavailable)
rElec   +            (cloak currently unavailable)
rCorr   +            (gloves currently unavailable)
SInv    .            (boots currently unavailable)
Will    +....        j - amulet of reflection
Stlth   +            u - ring of poison resistance
HPRegen 0.42/turn    p - ring of willpower
MPRegen 0.12/turn

%: reflection
@: mighty, lethally poisoned (0 -> -22), short of breath, tree-form, resistant,
gold aura
A: stationary, stasis, torment immunity, boosted hp, (breathe lightning), AC +7,
unfitting armour, (electricity resistance), (cold-blooded)
a: End Transformation, Renounce Religion, Potion Petition, Call Merchant, Bribe
Branch


You were on level 8 of the Dungeon.
You worshipped Gozag.
Gozag was aware of your devotion.
You were a tree.
You visited 1 branch of the dungeon, and saw 9 of its levels.

You collected 1433 gold pieces.
You spent 613 gold pieces at shops.
You paid 540 gold pieces to Gozag.

Inventory:

Armour
 d - a +2 pair of gloves
 r - a +0 cloak
Jewellery
 i - a +6 ring of dexterity
 j - an amulet of reflection (around neck)
 p - a ring of willpower (right branch)
 u - a ring of poison resistance (left branch)
 C - a ring of willpower
Talismans
 b - a beast talisman
 c - a flux talisman
Wands
 B - a wand of paralysis (17)
Scrolls
 f - 2 scrolls of noise
 k - 4 scrolls of teleportation
 m - a scroll of enchant armour
 q - 2 scrolls of immolation
 s - a scroll of vulnerability
 w - 2 scrolls of fear
 x - a scroll of amnesia
 y - a scroll of torment
 z - 3 scrolls of fog
 D - a scroll of poison
 F - a scroll of revelation
 G - a scroll of enchant weapon
 J - a scroll of brand weapon
Potions
 a - 2 potions of lignification
 g - 5 potions of curing
 h - 2 potions of brilliance
 l - 2 potions of heal wounds
 n - a potion of mutation {unknown}
 o - a potion of might
 t - 2 potions of attraction
 A - a potion of haste
 E - a potion of resistance {unknown}
Miscellaneous
 H - a lightning rod (4/4)
 I - a tin of tremorstones (2/2)


   Skills:
 + Level 7.7 Fighting
 + Level 6.7 Dodging
 + Level 7.7 Unarmed Combat
 * Level 9.8 Shapeshifting


You had 9 spell levels left.
You didn't know any spells.
Your spell library contained the following spells:

 Spells                   Type           Power      Damage    Failure   Level
 Call Imp                 Summ           0%         N/A       47%         2
 Lesser Beckoning         Tloc           0%         N/A       47%         2
 Sublimation of Blood     Necr           0%         N/A       47%         2
 Summon Ice Beast         Ice/Summ       0%         N/A       71%         3
 Tukima's Dance           Hex            0%         N/A       71%         3
 Passage of Golubria      Tloc           0%         N/A       98%         4
 Summon Mana Viper        Hex/Summ       0%         N/A       100%        5
 Yara's Violent Unravell  Hex/Alch       0%         3d3       100%        5
 Monstrous Menagerie      Summ           0%         N/A       100%        7
 Summon Hydra             Summ           0%         N/A       100%        7


Dungeon Overview and Level Annotations

Branches:
Dungeon (9/15) Zot: 25502  Temple (0/1) D:4
   Lair: D:8-11         Orc: D:9-12

Altars:
Ashenzari
Cheibriados
Dithmenos
Gozag
Kikubaaqudgha
Makhleb
Okawaru
Qazlal
Ru
Sif Muna
Trog
Vehumet
Wu Jian
Xom

Shops:
D:2 *   D:6 !*:   D:7 [=?

Portals:
Ossuary: D:4

Annotations:
D:2 Sigmund
D:3 1 exclusion


Innate Abilities, Weirdness & Mutations

You are a tree.
Your roots penetrate the ground, keeping you stationary.
You cannot be teleported.
You are immune to unholy pain and torment.
Your maximum health is greatly increased.
Your equipment is partially melded.
((You can breathe wild blasts of lightning.))
((Your glossy black scales are hard. (AC +7)))
You cannot fit into any form of body armour.
((You are resistant to electric shocks. (rElec)))
((You are cold-blooded and may be slowed by cold attacks.))


Message History

The killer bee poisons you!
You closely miss the hornet.
The hornet is lightly wounded.
You feel very sick. The hornet completely misses you.
The killer bee barely misses you. The killer bee stings you.
* * * LOW HITPOINT WARNING * * *
You are more poisoned.
The killer bee poisons you!
You hit the hornet. You tail-slap the hornet.
The hornet is moderately wounded.
You feel very sick. The killer bee barely misses you.
The killer bee closely misses you. The hornet stings you.
* * * LOW HITPOINT WARNING * * *
You are lethally poisoned!
The killer bee stings you.
* * * LOW HITPOINT WARNING * * *
You block the killer bee's attack. The hornet stings you.
* * * LOW HITPOINT WARNING * * *
You are more poisoned.
You feel yourself slow down.
Unknown command. [a] - 650 gold - resistance, enlightenment and haste [b] - 459 gold - lignification, might and resistance [c] - 322 gold - haste and brilliance Purchase which effect?
You no longer have enough gold to petition Gozag for potion effects.
Your transformation has ended.
You turn into a tree.
Your roots penetrate the ground.
You feel very mighty all of a sudden.
You feel protected.
You feel yourself speed up.
* * * LOW HITPOINT WARNING * * *
You feel extremely sick.
The killer bee stings you but does no damage.
The killer bee stings you.
* * * LOW HITPOINT WARNING * * *
You block the hornet's attack. The killer bee stings you.
You die...
Your body crumbles into a pile of gold.

...###.#................'...#
........########........###.#
##......# #........# #.#
#......###############.# #.#
#......#........)))....# #.#
#......#....############ #.#
#...)..#....# #..<...# #.#
##......#....###y#....# #.#
........+......y♣$.########.#
........###.#.##y#.#........#
........# #.#.#[.#.#.########
..)###### #.#..<...#.#
...########.#..#####.#
.....................#
#....######..##########
......................#
.####.#...##..........#


You could see a hornet and 2 killer bees.

Vanquished Creatures
  2 centaur warriors (D:8)
  A manticore (D:8)
  A kobold demonologist (D:8)
  3 yaks (D:8)
  Duvessa (D:7)
  An orc warrior (D:7)
  A black bear (D:7)
  2 centaurs
  A phantom (D:6)
  3 kobold brigands (D:7)
  3 bullfrogs
  A necrophage (D:6)
  3 scorpions
  19 wights
  Dowan (D:7)
  2 killer bees (D:8)
  6 howler monkeys
  2 bombardier beetles (D:4)
  5 orc priests
  2 hounds
  3 jellies
  A gnoll bouda (D:8)
  Natasha (D:2)
  2 iguanas
  A sleepcap (D:6)
  9 orc wizards
  A hound skeleton (D:6)
  14 adders
  3 gnolls (D:8)
  3 river rats (D:3)
  A shadow imp (D:6)
  A ribbon worm (D:3)
  24 orcs
  9 ball pythons
  5 endoplasms
  4 giant cockroaches
  8 goblins
  7 hobgoblins
  25 kobolds
  4 quokkas
  8 bats
  3 frilled lizards
  5 rats
202 creatures vanquished.

Vanquished Creatures (others)
  A kobold (D:7)
1 creature vanquished.

Grand Total: 203 creatures vanquished

Notes
Turn   | Place    | Note
-------+----------+-------------------------------------------
     0 | D:1      | Arex the Draconian Shapeshifter began the quest for the
                  | Orb.
     0 | D:1      | Reached XP level 1. HP: 16/16 MP: 1/1
   142 | D:1      | Reached XP level 2. HP: 23/23 MP: 2/2
  1057 | D:2      | Found Ysun's Assorted Antiques.
  1062 | D:2      | Bought a bubbling emerald potion for 17 gold pieces
  1062 | D:2      | Bought a scroll labelled SAYNGI CEKUG for 19 gold pieces
  1062 | D:2      | Bought a scroll labelled SAYNGI CEKUG for 19 gold pieces
  1116 | D:2      | Reached XP level 3. HP: 23/29 MP: 3/3
  1596 | D:2      | Noticed Natasha
  1710 | D:2      | Killed Natasha
  1711 | D:2      | Reached XP level 4. HP: 32/36 MP: 4/4
  1728 | D:2      | Noticed Sigmund
  1803 | D:3      | Found a radiant altar of Vehumet.
  1803 | D:3      | Found an ornate altar of the Wu Jian Council.
  1814 | D:3      | Found an ancient bone altar of Kikubaaqudgha.
  1814 | D:3      | Found an opulent altar of Gozag.
  1814 | D:3      | Found a sacrificial altar of Ru.
  1826 | D:3      | Became a worshipper of Gozag Ym Sagoz the Greedy
  2236 | D:3      | Reached skill level 4 in Shapeshifting
  2503 | D:3      | Reached XP level 5. HP: 32/42 MP: 5/5
  2892 | D:3      | Found an iron altar of Okawaru.
  3396 | D:4      | Reached XP level 6. HP: 51/51 MP: 6/6
  3513 | D:4      | Reached skill level 5 in Shapeshifting
  3612 | D:4      | Found a staircase to the Ecumenical Temple.
  3637 | D:4      | Found a snail-covered altar of Cheibriados.
  3699 | D:4      | Found a sand-covered staircase.
  3871 | D:5      | Entered Level 5 of the Dungeon
  4018 | D:5      | Your scales start taking on a glossy black colour.
  4018 | D:5      | Reached XP level 7. HP: 50/58 MP: 7/7
  4018 | D:5      | Gained mutation: You are resistant to electric shocks.
                  | (rElec) [Black Draconian growth]
  4310 | D:5      | Found a shadowy altar of Dithmenos.
  4331 | D:6      | Found Xyablid's Assorted Antiques.
  4391 | D:6      | Bought a scroll labelled PUEJAO ODAVOWEJI for 27 gold
                  | pieces
  4569 | D:6      | Found Naabas's Distillery.
  4572 | D:6      | Bought a potion of haste for 120 gold pieces
  4572 | D:6      | Bought a potion of brilliance for 48 gold pieces
  4572 | D:6      | Bought a potion of might for 48 gold pieces
  4572 | D:6      | Bought a potion of attraction for 36 gold pieces
  4659 | D:6      | Found Voyhan's Book Emporium.
  4902 | D:6      | Reached skill level 6 in Shapeshifting
  4905 | D:6      | Reached skill level 5 in Unarmed Combat
  4998 | D:6      | Found a stormy altar of Qazlal.
  5027 | D:6      | Reached XP level 8. HP: 67/67 MP: 8/8
  5148 | D:6      | Found a burning altar of Makhleb.
  5549 | D:6      | Reached skill level 5 in Fighting
  6033 | D:7      | Reached skill level 7 in Shapeshifting
  6436 | D:7      | Reached skill level 5 in Dodging
  6503 | D:7      | Reached XP level 9. HP: 75/75 MP: 9/9
  6678 | D:7      | Found Hunaecs's Jewellery Boutique.
  6678 | D:7      | Found Xouky's Magic Scroll Boutique.
  6679 | D:7      | Found Viorphoq's Antique Armour Boutique.
  6745 | D:7      | Found a shimmering altar of Xom.
  6832 | D:7      | Noticed Duvessa
  6847 | D:7      | Killed Duvessa
  6862 | D:7      | Found a bloodstained altar of Trog.
  6873 | D:7      | Found a shimmering blue altar of Sif Muna.
  6873 | D:7      | Noticed Dowan
  6878 | D:7      | Killed Dowan
  6879 | D:7      | Reached skill level 8 in Shapeshifting
  6890 | D:7      | Got Sif Muna's Codex of Peregrination
  7418 | D:8      | Noticed a kobold demonologist
  7418 | D:8      | Noticed a centaur warrior
  7449 | D:8      | Noticed a rust devil
  7455 | D:8      | Killed a kobold demonologist
  7504 | D:8      | Killed a centaur warrior
  7681 | D:8      | Noticed a centaur warrior
  7688 | D:8      | Killed a centaur warrior
  7689 | D:8      | Reached skill level 9 in Shapeshifting
  7689 | D:8      | Reached XP level 10. HP: 43/86 MP: 10/10
  8258 | D:8      | Found a broken altar of Ashenzari.
  8681 | D:8      | Noticed a manticore
  8690 | D:8      | Killed a manticore
  8801 | D:7      | Bought a scroll of immolation for 52 gold pieces
  8801 | D:7      | Bought a scroll of identify for 26 gold pieces
  8801 | D:7      | Bought a scroll of identify for 26 gold pieces
  8803 | D:7      | Bought a scroll of fear for 52 gold pieces
  8803 | D:7      | Bought a scroll of brand weapon for 123 gold pieces
  8952 | D:8      | HP: 2/132 [killer bee (5)]
  8952 | D:8      | Slain by a killer bee

Illustrated notes

Levels and vault maps discovered:
D:1:      onia_arrival_mini_spirals, layout_basic, minmay_tall_x
D:2:      minmay_inner_zag, layout_loops_cross, serial_shops, shop,
          pf_guarded_unrand_woodcutter, uniq_natasha, uniq_jessica, uniq_sigmund
D:3:      layout_basic, kennysheep_okawaru_gauntlet, grunt_temple_overflow_open,
          lightli_sewer_entry_pipes, lemuel_flame_loot_1
D:4:      layout_rooms, slow_altar_1, minmay_temple_entry_antechambers,
          nicolae_ossuary_entry_ruins
D:5:      nicolae_BIG_FREAKIN_CUBE, layout_rooms, lemuel_tele_altar,
          minmay_misc_feat_doors
D:6:      layout_cave_pools, makhleb_blood_cavern_becter,
          grunt_qazlal_sundering, serial_shops, nicolae_shop_advertising_works
          [nicolae_subvault_shop_adworks], kennysheep_mini,
          nicolae_inconvenience_store
D:7:      layout_loops_ring, nzn_overflow_gifts_of_might_and_magic,
          brannock_xom_greatest_gift, nicolae_shop_distant_corner_stores
D:8:      minmay_tri_box, layout_basic, lemuel_doored_altar
D:9:      layout_layer_cave, tso_metal_star, grunt_lair_entry_orc_guard_hut,
          orc_0_dummy, special_room [special_room_orc], serial_rivers,
          chequers_serial_rivers_marsh, chequers_serial_rivers_large_a,
          chequers_serial_rivers_small_3, chequers_serial_rivers_room_b,
          chequers_serial_rivers_small_a, chequers_serial_rivers_room_b,
          grunt_ministairs_2, minivault_16

Skill      XL: |  1  2  3  4  5  6  7  8  9 |
---------------+----------------------------+-----
Dodging        | 2 3 4 5 6 |  6.7
Fighting       | 2 3 4 5 7 |  7.7
Shapeshifting  | 4 5 6 7 9 |  9.8
Unarmed Combat | 4 5 6 7 |  7.7

Action                     |  1- 3 |  4- 6 |  7- 9 | 10-12 || total
---------------------------+-------+-------+-------+-------++-------
  Melee: Unarmed           |    92 |   175 |   255 |   110 ||   632
         Tailslap          |     5 |    28 |    33 |    22 ||    88
         Punch             |     5 |     4 |    10 |     7 ||    26
 Invoke: Potion Petition   |       |       |       |     1 ||     1
Ability: Breathe Lightning |       |       |    11 |     2 ||    13
  Evoke: Wand              |       |       |     2 |     1 ||     3
    Use: Scroll            |     3 |     3 |     4 |     5 ||    15
         Potion            |       |     1 |     4 |     1 ||     6
   Stab: Sleeping          |     1 |     7 |       |       ||     8
         Paralysed         |       |       |     7 |     6 ||    13
         Distracted        |       |       |       |     2 ||     2
 Armour: Skin              |    40 |    69 |   152 |    58 ||   319
  Dodge: Dodged            |    60 |    84 |   136 |    67 ||   347
  Block: Other             |     3 |    27 |    54 |    17 ||   101
         Reflection        |       |     1 |     4 |       ||     5
